 Dungeon Crawl Stone Soup version 0.19.0-19-g8c6edcc (webtiles) character file.

30769 Monsterracer the Bludgeoner (level 13, -4/125 HPs)
             Began as a Minotaur Berserker on Nov 13, 2016.
             Was the Champion of Trog.
             Slain by an azure jelly (43 damage)
             ... on level 5 of the Lair of Beasts.
             The game lasted 00:49:00 (16335 turns).

Monsterracer the Bludgeoner (Minotaur Berserker)   Turns: 16335, Time: 00:49:00

Health: -4/125     AC: 15    Str: 23    XL:     13   Next: 22%
Magic:  12/12      EV: 14    Int:  7    God:    Trog [******]
Gold:   635        SH:  5    Dex: 17    Spells: 0 memorised, 12 levels left

rFire  . . .     SeeInvis .     y - +5 morningstar (freeze)
rCold  . . .     Gourm    .     p - +3 scale mail "Urodghyi" {rPois Dex+3}
rNeg   . . .     Faith    .     b - +0 buckler
rPois  +         Spirit   .     (helmet restricted)
rElec  .         Reflect  .     q - +0 cloak
rCorr  .         Harm     .     h - +0 pair of gloves
MR     +....                    (no boots)
Stlth  ..........               z - amulet "Gastef" {+Rage MR+ Int+3}
                                (no ring)
                                D - ring of flight

@: about to teleport
A: retaliatory headbutt, horns 2
a: Berserk, Trog's Hand, Brothers in Arms, Burn Spellbooks, Renounce Religion,
Evoke Berserk Rage, Evoke Flight


You were on level 5 of the Lair of Beasts.
You worshipped Trog.
Trog was exalted by your worship.
You were hungry.

You visited 2 branches of the dungeon, and saw 15 of its levels.
You also visited: Ossuary.

You collected 935 gold pieces.
You spent 300 gold pieces at shops.

Inventory:

Hand Weapons
 y - a +5 morningstar of freezing (weapon)
Armour
 b - a +0 buckler (worn)
 h - a +0 pair of gloves (worn)
 p - the +3 scale mail "Urodghyi" (worn) {rPois Dex+3}
   (You found it on level 5 of the Dungeon)

   It affects your dexterity (+3).
   It protects you from poison.
 q - a +0 cloak (worn)
Jewellery
 g - an uncursed ring of ice
 x - an uncursed ring of ice
 z - the amulet "Gastef" (around neck) {+Rage MR+ Int+3}
   (You acquired it on level 10 of the Dungeon)

   [amulet of rage]

   It affects your intelligence (+3).
   It affects your resistance to hostile enchantments.
   It lets you go berserk.
 C - an uncursed ring of teleportation
 D - a ring of flight (left hand)
Wands
 o - a wand of digging (17/24)
 E - a wand of disintegration (18/24)
Scrolls
 a - 8 scrolls of teleportation
 c - a scroll of holy word
 e - 4 scrolls of identify
 j - 3 scrolls of remove curse
 k - a scroll of brand weapon
 l - 4 scrolls of enchant armour
 r - 2 scrolls of fog
 t - a scroll of recharging
 v - 3 scrolls of fear
 w - a scroll of enchant weapon
 F - a scroll of magic mapping
Potions
 d - 2 potions of heal wounds
 n - 3 potions of brilliance
 s - 4 potions of agility
 u - 2 potions of flight
 A - 2 potions of cancellation
Comestibles
 f - 10 royal jellies
 i - 3 beef jerkies
 m - 6 meat rations
 B - 8 fruits


   Skills:
 * Level 14.7 Fighting
 - Level 16.1 Maces & Flails
 * Level 13.4 Armour
 + Level 6.6 Dodging
 - Level 3.0 Shields


You had 12 spell levels left.
You didn't know any spells.

Dungeon Overview and Level Annotations

Branches:
Dungeon (10/15)            Temple (0/1) D:4            Lair (5/6) D:10
 Shoals (0/4) Lair:3       Spider (0/4) Lair:2        Slime (0/5) Lair:5
    Orc (0/2) D:9

Altars:
Elyvilon
Fedhas
Makhleb
Ru
Xom
Yredelemnul
Jiyva

Shops:
D:5 *   D:7 !


Innate Abilities, Weirdness & Mutations

You reflexively headbutt those who attack you in melee.
You have a pair of horns on your head.


Message History

The azure jelly hits you but does no damage.
You block the azure jelly's attack.
The azure jelly hits you but does no damage.
You are feeling hungry.
Mmmm...
Yummy banana.
You feel much better. The azure jelly misses you.
The azure jelly barely misses you.
The azure jelly hits you but does no damage. x2
As you read the scroll of teleportation, it crumbles to dust.
You feel strangely unstable. The azure jelly closely misses you.
The azure jelly hits you. The azure jelly freezes you!!
* * * LOW HITPOINT WARNING * * *
You block the azure jelly's attack. The azure jelly closely misses you.
You feel much better.
The azure jelly hits you but does no damage.
The azure jelly closely misses you. The azure jelly hits you.
* * * LOW HITPOINT WARNING * * *
The azure jelly hits you but does no damage.
You feel much better. The azure jelly hits you. The azure jelly freezes you!!!
You die...

≈.§...8...§..........
.....................
P....##.P..#...?.....
......######..#####.
...#.#.# ##.#.>.#
#.##########..#...# .
########P##...#JJJ# /..
####..#..###..##J##....#
#.......#####...@.....#
..........##..........#
.........##...........#
..........#........#.##
.........##........# #
## ..........#....P#..#
#P#.#
........####...P####
#....### ........#
...### #P.....#
......### ... #......###


You could see 4 azure jellies.

Vanquished Creatures
  3 hydras
  Sonja (Lair:1)
  An unseen horror (D:10)
  Pikel (D:8)
  2 hill giants (D:10)
  A manticore (D:7)
  Maurice (D:10)
  Psyche (D:8)
  3 black mambas
  4 spiny frogs
  A gargoyle (D:10)
  2 rime drakes
  5 komodo dragons (Lair:2)
  2 trolls (D:10)
  A queen bee (D:9)
  4 blink frogs (Lair:3)
  Prince Ribbit (D:8)
  3 hippogriffs
  A wraith (D:10)
  Sigmund (D:4)
  A wyvern (D:8)
  55 yaks
  4 basilisks
  A hungry ghost (D:7)
  Grum (Lair:1)
  2 vampire mosquitoes (D:9)
  A steam dragon (Lair:2)
  14 water moccasins
  5 porcupines
  3 ice beasts
  A black bear (D:6)
  4 orc warriors
  6 sky beasts
  2 slaves (D:8)
  2 phantoms
  2 necrophages
  4 ogres
  2 centaurs (D:8)
  9 wolves
  A crocodile (Lair:4)
  The ghost of vev the Ducker, an amateur TeAM (D:3)
  A big kobold (D:8)
  15 bullfrogs
  A water moccasin zombie (Ossuary)
  A wyvern skeleton (D:10)
  2 scorpions
  18 killer bees (D:9)
  9 wights
  2 electric eels (D:10)
  2 crimson imps
  A centaur skeleton (D:10)
  7 hounds
  4 jellies
  14 orc wizards
  11 orc priests
  2 bullfrog skeletons
  2 iguanas
  4 worker ants
  4 big kobold zombies (Ossuary)
  2 hound skeletons
  2 mummies (Ossuary)
  17 adders
  21 gnolls
  3 shadow imps
  3 oozes
  7 adder zombies
  3 worms
  3 dart slugs
  6 leopard geckos
  63 orcs
  5 giant cockroaches
  6 goblins
  7 hobgoblins
  16 jackals
  3 quokkas
  A ball python (D:4)
  10 bats
  11 frilled lizards
  A gnoll zombie (Ossuary)
  3 hobgoblin zombies (Ossuary)
  A jackal skeleton (D:9)
  13 kobolds
  9 kobold zombies (Ossuary)
  4 orc zombies (Ossuary)
  A quokka skeleton (D:7)
  6 rats
487 creatures vanquished.

Vanquished Creatures (others)
  2 slaves (D:8)
  A shadow imp (D:8)
  3 fungi
  A plant (Lair:1)
7 creatures vanquished.

Grand Total: 494 creatures vanquished

Notes
Turn   | Place    | Note
-------+----------+-------------------------------------------
     0 | D:1      | Monsterracer the Minotaur Berserker began the quest for the Orb.
     0 | D:1      | Reached XP level 1. HP: 19/19 MP: 0/0
    79 | D:1      | Reached skill level 4 in Maces & Flails
   115 | D:1      | Reached XP level 2. HP: 21/26 MP: 1/1
   809 | D:2      | Reached skill level 5 in Maces & Flails
   809 | D:2      | Reached XP level 3. HP: 30/31 MP: 2/2
   818 | D:2      | Gained mutation: Your spells are a little harder to cast, but a little more powerful. [potion of mutation]
   818 | D:2      | Gained mutation: You have a pair of large horns on your head. [potion of mutation]
   818 | D:2      | Gained mutation: Armour fits poorly on your strangely shaped body. [potion of mutation]
   934 | D:2      | Reached ** piety under Trog
  1223 | D:2      | Reached XP level 4. HP: 25/39 MP: 3/3
  1401 | D:2      | Reached skill level 6 in Maces & Flails
  1648 | D:3      | Reached skill level 7 in Maces & Flails
  1648 | D:3      | Reached XP level 5. HP: 40/45 MP: 4/4
  1841 | D:3      | Noticed vev's ghost (amateur TeAM)
  1856 | D:3      | Killed vev's ghost
  1957 | D:3      | Reached *** piety under Trog
  2159 | D:3      | Reached skill level 8 in Maces & Flails
  2266 | D:3      | Noticed an orc warrior
  2277 | D:3      | Killed an orc warrior
  2277 | D:3      | Reached XP level 6. HP: 25/51 MP: 5/5
  2752 | D:4      | Reached skill level 9 in Maces & Flails
  2941 | D:4      | Found a staircase to the Ecumenical Temple.
  3033 | D:4      | Noticed Sigmund
  3038 | D:4      | Reached XP level 7. HP: 53/57 MP: 6/6
  3041 | D:4      | Killed Sigmund
  3041 | D:4      | Reached skill level 10 in Maces & Flails
  3530 | D:4      | Reached skill level 11 in Maces & Flails
  4083 | D:4      | Reached XP level 8. HP: 51/64 MP: 7/7
  4113 | D:5      | Entered Level 5 of the Dungeon
  4167 | D:5      | Reached **** piety under Trog
  4167 | D:5      | Reached skill level 12 in Maces & Flails
  4350 | D:5      | Found a sand-covered staircase.
  4358 | Ossuary  | Entered an ossuary
  4588 | Ossuary  | Lost mutation: Your spells are a little harder to cast, but a little more powerful. [potion of cure mutation]
  4588 | Ossuary  | Lost mutation: Armour fits poorly on your strangely shaped body. [potion of cure mutation]
  4588 | Ossuary  | Lost mutation: You have a pair of large horns on your head. [potion of cure mutation]
  5059 | D:5      | Got a pitted scale mail
  5070 | D:5      | Identified the +3 scale mail "Urodghyi" {rPois Dex+3} (You found it on level 5 of the Dungeon)
  5088 | D:5      | Found a sacrificial altar of Ru.
  5258 | D:5      | Found Imoo's General Store.
  5261 | D:5      | Bought a scroll of brand weapon for 300 gold pieces
  5577 | D:6      | Reached skill level 13 in Maces & Flails
  5686 | D:6      | Reached ***** piety under Trog
  5751 | D:6      | Found a burning altar of Makhleb.
  6284 | D:6      | Reached XP level 9. HP: 72/72 MP: 8/8
  6442 | D:7      | Noticed a manticore
  6451 | D:7      | Killed a manticore
  6451 | D:7      | Reached skill level 5 in Fighting
  6451 | D:7      | Reached skill level 5 in Armour
  6649 | D:7      | Found Xuytyiph's Distillery.
  6685 | D:7      | Reached skill level 14 in Maces & Flails
  7142 | D:8      | Found a blossoming altar of Fedhas.
  7394 | D:8      | Noticed Pikel
  7407 | D:8      | Killed Pikel
  7407 | D:8      | Reached XP level 10. HP: 84/84 MP: 9/9
  7507 | D:8      | Noticed Psyche
  7519 | D:8      | Killed Psyche
  7634 | D:8      | Noticed Prince Ribbit
  7673 | D:8      | Killed Prince Ribbit
  8606 | D:9      | Reached skill level 15 in Maces & Flails
  8659 | D:9      | Reached ****** piety under Trog
  9197 | D:9      | Received a gift from Trog
  9267 | D:9      | Found a shimmering altar of Xom.
  9267 | D:9      | Found a white marble altar of Elyvilon.
  9430 | D:9      | Found a basalt altar of Yredelemnul.
  9539 | D:9      | Found a staircase to the Orcish Mines.
  9673 | D:10     | Entered Level 10 of the Dungeon
  9855 | D:9      | Reached XP level 11. HP: 81/97 MP: 10/10
 10203 | D:10     | Reached skill level 16 in Maces & Flails
 10242 | D:10     | Found a staircase to the Lair.
 10438 | D:9      | Reached skill level 10 in Fighting
 10848 | D:10     | Noticed a hill giant
 10856 | D:10     | Killed a hill giant
 10912 | D:10     | Identified a scroll of acquirement
 10913 | D:10     | Got a crude iron amulet
 10914 | D:10     | Identified the amulet "Gastef" {+Rage MR+ Int+3} (You acquired it on level 10 of the Dungeon)
 11016 | D:10     | Noticed Maurice
 11022 | D:10     | Killed Maurice
 11134 | D:10     | Killed an unseen horror
 11425 | D:10     | Reached skill level 10 in Armour
 11459 | D:10     | Noticed a hill giant
 11459 | D:10     | Received a gift from Trog
 11468 | D:10     | Killed a hill giant
 11696 | D:10     | Reached skill level 1 in Shields
 11718 | Lair:1   | Entered Level 1 of the Lair of Beasts
 12084 | Lair:1   | Noticed Sonja
 12091 | Lair:1   | Killed Sonja
 12091 | Lair:1   | Reached XP level 12. HP: 74/113 MP: 11/11
 12679 | Lair:1   | Noticed Grum
 12688 | Lair:1   | Killed Grum
 13145 | Lair:2   | Received a gift from Trog
 13348 | Lair:2   | Reached skill level 5 in Dodging
 13350 | Lair:2   | Found a hole to the Spider Nest.
 14082 | Lair:3   | Noticed an eight-headed hydra
 14090 | Lair:3   | Killed an eight-headed hydra
 14404 | Lair:3   | Noticed a six-headed hydra
 14411 | Lair:3   | Killed a six-headed hydra
 14573 | Lair:3   | Reached XP level 13. HP: 124/124 MP: 12/12
 14841 | Lair:3   | Found a staircase to the Shoals.
 15741 | Lair:4   | Got a crude leather armour
 15752 | Lair:4   | Identified the +1 leather armour of Nikoxz Ofie {Int+4 Stlth-} (You found it on level 4 of the Lair of Beasts)
 16322 | Lair:5   | Found a runed door.
 16322 | Lair:5   | Found a viscous altar of Jiyva.
 16322 | Lair:5   | Noticed an azure jelly
 16322 | Lair:5   | Noticed an azure jelly
 16323 | Lair:5   | Found a staircase to the Slime Pits.
 16323 | Lair:5   | Noticed an azure jelly
 16323 | Lair:5   | Noticed an azure jelly
 16335 | Lair:5   | Slain by an azure jelly

Skill      XL: |  1  2  3  4  5  6  7  8  9 10 11 12 13 |
---------------+----------------------------------------+-----
Maces & Flails | 4 5 7 8 9 11 13 14 15 16 | 16.1
Fighting       | 4 6 9 12 14 | 14.7
Armour         | 3 6 8 10 12 13 | 13.4
Shields        | 3 |  3.0
Dodging        | 3 6 |  6.6

Action                   |  1- 3 |  4- 6 |  7- 9 | 10-12 | 13-15 || total
-------------------------+-------+-------+-------+-------+-------++-------
Melee: Mace              |    64 |    82 |       |       |       ||   146
       Headbutt          |     7 |    17 |    79 |   146 |    14 ||   263
       Flail             |       |    38 |   356 |   110 |       ||   504
       Morningstar       |       |       |       |   512 |    70 ||   582
Invok: Berserk           |       |     3 |     3 |    10 |       ||    16
       Burn Spellbooks   |       |       |     1 |     2 |     1 ||     4
  Use: Potion            |     5 |     1 |     5 |     3 |     4 ||    18
       Scroll            |       |     8 |     2 |     9 |     2 ||    21
 Stab: Sleeping          |       |     1 |       |       |       ||     1
  Eat: Chunk             |     1 |     7 |    18 |    30 |     4 ||    60
       Fruit             |       |       |     1 |     2 |     1 ||     4
       Pizza             |       |       |       |       |     1 ||     1
Armor: Animal skin       |     3 |       |       |       |       ||     3
       Ring mail         |    19 |    30 |    35 |       |       ||    84
       Scale mail        |       |       |    77 |   261 |    29 ||   367
Dodge: Dodged            |    36 |    62 |   140 |   356 |    47 ||   641
Block: Buckler           |       |       |       |    55 |    12 ||    67
